 Dungeon Crawl Stone Soup version 0.30-a0-122-g2a1322497e (webtiles) character file.

Game seed: 8854052004307164617

37 zishaf the Sneak (level 3, 0/26 HPs)
             Began as a Vampire Enchanter on Sept 15, 2022.
             Succumbed to an adder's poison
             ... on level 2 of the Dungeon.
             The game lasted 00:03:19 (916 turns).

zishaf the Sneak (Vampire Enchanter)                 Turns: 916, Time: 00:03:19

Health: 0/26       AC:  3    Str:  7    XL:     3   Next: 21%
Magic:  1/6        EV:  9    Int: 19    God:
Gold:   21         SH:  0    Dex: 14    Spells: 4/6 levels left

rFire   . . .      SeeInvis +    a - +1 dagger
rCold   . . .      Faith    .    (no shield)
rNeg    . . .      Spirit   .    b - +0 robe
rPois   .          Reflect  .    j - +0 helmet
rElec   .          Harm     .    (no cloak)
rCorr   .          Rampage  .    (no gloves)
Will    .....                    (no boots)
Stlth   +++.......               (no amulet)
HPRegen 0.28/turn                (no ring)
MPRegen 0.10/turn                (no ring)

@: mighty, lethally poisoned (0 -> -1), healing quickly, hasted, constricted,
very quick
A: alive, fangs 3, see invisible, vampiric 2
a: Exsanguinate


You were on level 2 of the Dungeon.
You visited 1 branch of the dungeon, and saw 2 of its levels.

You collected 21 gold pieces.

Inventory:

Hand Weapons
 a - a +1 dagger (weapon)
Armour
 b - a +0 robe (worn)
 j - a +0 helmet (worn)
Jewellery
 d - an amulet of faith
Scrolls
 e - a scroll of enchant armour {unknown}
 f - a scroll of identify {unknown}
 g - a scroll of poison {unknown}
Potions
 c - a potion of invisibility
 h - a potion of brilliance {unknown}
 i - a potion of cancellation
 l - a potion of ambrosia {unknown}
 m - a potion of might


   Skills:
 + Level 1.0 Fighting
 + Level 1.7 Short Blades
 + Level 2.6 Dodging
 + Level 5.0 Stealth
 - Level 2.0 Spellcasting
 + Level 4.8 Hexes


You had 4 spell levels left.
You knew the following spells:

 Your Spells              Type           Power      Damage    Failure   Level
a - Ensorcelled Hibernat  Hex/Ice        22%        N/A       10%         2

Your spell library contained the following spells:

 Spells                   Type           Power      Damage    Failure   Level
 Confusing Touch          Hex            20%        N/A       7%          3
 Tukima's Dance           Hex            20%        N/A       7%          3
 Dazzling Flash           Conj/Hex       22%        N/A       19%         3
 Spider Form              Tmut/Pois      1%         N/A       45%         3
 Anguish                  Hex/Necr       5%         N/A       52%         4


Dungeon Overview and Level Annotations

Branches:
Dungeon (2/15)

Altars:

Shops:
D:1 [


Innate Abilities, Weirdness & Mutations

Your natural rate of healing is accelerated.
You have razor-sharp teeth.
You have supernaturally acute eyesight. (SInv)
You are afflicted with vampirism and can become a bat while bloodless.


Message History

You feel sick. The adder bites you.
You closely miss the adder.
The adder is severely wounded.
You feel sick.
You are no longer poisoned.
The adder bites you.
You miss the adder. Your bite misses the adder.
The adder is severely wounded.
The adder barely misses you. The adder bites you but does no damage.
You miss the adder.
The adder is severely wounded.
The ball python bites you. The ball python grabs you.
The ball python constricts you. The adder bites you.
* * * LOW HITPOINT WARNING * * *
You are poisoned.
The adder poisons you!
You fade into invisibility!
* * * LOW HITPOINT WARNING * * *
You feel sick. The ball python closely misses you.
The ball python constricts you. The adder barely misses you.
The ball python closely misses you. The ball python constricts you.
* * * LOW HITPOINT WARNING * * *
Unknown command.
It was a potion of cancellation.
Your magical effects are unravelling.
You feel magically purged.
You flicker back into view.
* * * LOW HITPOINT WARNING * * *
You feel sick. The adder bites you.
* * * LOW HITPOINT WARNING * * *
The ball python completely misses you. The ball python constricts you.
Okay, then.
It was a potion of might.
You feel very mighty all of a sudden.
* * * LOW HITPOINT WARNING * * *
You feel sick. The adder bites you but does no damage.
The ball python bites you but does no damage.
The ball python constricts you. The adder bites you but does no damage.
It was a potion of haste.
You feel yourself speed up.
You die...

..#.##.##......##....
..#.........#..####.#
#.....†..#....# ..#
#..#.......###...#
#.##
....................
#..#....†.......##..
#..#......###...#
#..#.SS..........
#....@#.†).......
#...............#
.#...............#
#..............####
##...........#...
##..........#####
#..........#
.......######
##..#.###


You could see an adder and a ball python.

Vanquished Creatures
  A dart slug (D:1)
  3 ball pythons
  3 endoplasms
  A giant cockroach (D:1)
  4 goblins
  4 hobgoblins
  4 jackals
  2 quokkas (D:1)
  3 bats
  2 frilled lizards (D:2)
  A rat (D:1)
28 creatures vanquished.

Notes
Turn   | Place    | Note
-------+----------+-------------------------------------------
     0 | D:1      | zishaf the Vampire Enchanter began the quest for the Orb.
     0 | D:1      | Reached XP level 1. HP: 13/13 MP: 3/3
   124 | D:1      | Reached XP level 2. HP: 20/20 MP: 5/5
   129 | D:1      | Learned a level 2 spell: Ensorcelled Hibernation
   141 | D:1      | Found Jolin's Armour Boutique.
   400 | D:1      | Found a faded altar of an unknown god.
   761 | D:2      | Gained mutation: You are afflicted with vampirism and can
                  | become a bat while bloodless. [Vampire growth]
   761 | D:2      | Reached XP level 3. HP: 25/25 MP: 2/6
   838 | D:2      | Reached skill level 1 in Fighting
   846 | D:2      | Reached skill level 5 in Stealth
   915 | D:2      | HP: 1/26 [poisoned by an adder]
   916 | D:2      | Succumbed to an adder's poison

Illustrated notes

Levels and vault maps discovered:
D:1:      lightli_arrival_boilingwater, layout_rooms,
          shapermc_ecumenical_altar_gd, serial_shops,
          nicolae_shop_hallway_stairs
D:2:      layout_rooms, uniq_crazy_yiuf_cottage

Skill      XL: |  1  2  3 |
---------------+----------+-----
Fighting       | 1 |  1.0
Stealth        | 5 |  5.0
Short Blades   | |  1.7
Dodging        | |  2.6
Spellcasting   | |  2.0
Hexes          | |  4.8

Action                   || total
-------------------------++-------
Melee: Dagger            ||    82
       Bite              ||     5
       Punch             ||     1
 Cast: Ensorcelled Hiber ||    17
  Use: Potion            ||     4
 Stab: Sleeping          ||    13
Armor: Robe              ||    21
Dodge: Dodged            ||    63

Table legend: (Time is in decaauts)
 A = Elapsed time spent in this place.
 B = Non-inter-level travel time spent in this place.
 C = Inter-level travel time spent in this place.
 D = Time resting spent in this place.
 E = Time spent auto-exploring this place.
 F = Levels seen in this place.
 G = Mean time per level.
                   A        B        C        D        E       F      G
               +--------+--------+--------+--------+--------+-----+--------+
         Total |    913 |    893 |     20 |     45 |    544 |   2 |  456.5 |
       Dungeon |    913 |    893 |     20 |     45 |    544 |   2 |  456.5 |
               +--------+--------+--------+--------+--------+-----+--------+

Top non-repeatable levels by time:
     D:1: 691 daAuts
     D:2: 222 daAuts
